 Dungeon Crawl Stone Soup version 0.16.1-4-g8e1b745 (webtiles) character file.

420 siprus the Sneak (level 6, -1/30 HPs)
             Began as a Spriggan Enchanter on Mar 28, 2015.
             Killed by divine providence
             ... invoked by an orc priest
              (10 damage)
             ... on level 5 of the Dungeon.
             The game lasted 00:19:03 (3671 turns).

siprus the Sneak (Spriggan Enchanter)               Turns: 3671, Time: 00:19:04

Health: -1/30      AC:  4    Str:  4    XL:     6   Next: 62%
Magic:  21/21      EV: 19    Int: 19    God:
Gold:   181        SH:  0    Dex: 16    Spells: 3 memorised, 9 levels left

rFire  . . .     SeeInvis +     o - +0 dagger (venom)
rCold  . . .     Clarity  .     b - +1 robe
rNeg   . . .     SustAb   .     (shield restricted)
rPois  .         Gourm    .     (helmet restricted)
rElec  .         Spirit   .     u - +0 cloak
rCorr  .         Warding  .     (gloves unavailable)
rMut   .         Stasis   .     (boots unavailable)
MR     +....                    (no amulet)
Stlth  ++++......               (no ring)
                                l - ring of teleport control

@: very quick, somewhat resistant to hostile enchantments, stealthy
A: unfitting armour, see invisible, herbivore 3, speed 3, slow metabolism 2
a: Evoke Teleport Control


You were on level 5 of the Dungeon.
You were not hungry.

You visited 1 branch of the dungeon, and saw 5 of its levels.

You collected 181 gold pieces.

Inventory:

Hand weapons
 o - a +0 dagger of venom (weapon)
Armour
 b - a +1 robe (worn)
 u - a +0 cloak (worn)
Jewellery
 l - a ring of teleport control (left hand)
Scrolls
 a - 3 scrolls of teleportation {unknown}
 e - 8 scrolls of identify {unknown}
 h - 3 scrolls of magic mapping {unknown}
 i - a scroll of remove curse {unknown}
 k - 2 scrolls of enchant armour {unknown}
 m - 2 scrolls of fog {unknown}
 t - a scroll of enchant weapon {unknown}
 w - a scroll of recharging {unknown}
Potions
 f - a potion of brilliance
 g - a potion of magic {unknown}
 j - 4 potions of restore abilities {unknown}
 n - 3 potions of curing {unknown}
 p - 2 potions of heal wounds {unknown}
 q - 2 potions of might {unknown}
 r - 2 potions of poison {unknown}
 s - a potion of haste {unknown}
 v - a potion of invisibility {unknown}
Books
 c - a book of Maledictions

   Spells                             Type                      Level
   a - Corona                         Hexes                        1
   b - Sure Blade                     Hexes/Charms                 2
   c - Ensorcelled Hibernation        Hexes/Ice                    2
   d - Confuse                        Hexes                        3
   e - Dazzling Spray                 Conjuration/Hexes            3
   f - Enslavement                    Hexes                        4
Comestibles
 d - 2 bread rations


   Skills:
 + Level 1.6 Fighting
 + Level 2.5 Short Blades
 + Level 3.8 Dodging
 + Level 6.0 Stealth
 * Level 5.4 Spellcasting
 * Level 5.3 Hexes


You had 9 spell levels left.
You knew the following spells:

 Your Spells              Type           Power        Failure   Level  Hunger
a - Corona                Hex            ####...      1%          1    None
b - Ensorcelled Hibernat  Hex/Ice        ###...       8%          2    None
c - Confuse               Hex            ####....     4%          3    ##.....


Dungeon Overview and Level Annotations

Branches:
Dungeon (5/15)
 Temple: D:4-7

Altars:
The Shining One

Shops:
D:4 }*


Innate Abilities, Weirdness & Mutations

You are tiny and cannot use many weapons and most armour.
You have supernaturally acute eyesight.
You are a herbivore.
You cover ground extremely quickly.
You need consume almost no food.


Message History

You finish eating.
That bread ration really hit the spot!
You start resting.
Things that are here:
a dagger; a leather armour; an orc corpse You hit the orc priest.
The orc priest is poisoned.
The orc priest is lightly wounded.
The orc priest mumbles some strange prayers to Beogh against you.
Something smites you!
* * * LOW HITPOINT WARNING * * *
You are too injured to fight recklessly!
You are too injured to fight recklessly!
Unknown command.
You hit the orc priest.
The orc priest is moderately wounded.
The orc priest barely misses you.
You hit the orc priest.
The orc priest looks even sicker.
The orc priest is moderately wounded.
The orc priest mumbles some strange prayers to Beogh against you.
Something smites you!
You die...

. .# .# . .##
#############
.♣♣♣♣♣♣♣♣#..
.............
♣PP≈o≈PP≈≈########
.#####.###...
♣P≈≈≈≈P≈≈≈♣.)..o)#
#....#..
≈≈≈≈≈≈≈o≈≈..####@#
#####..#
P.≈...........##.#
##.#
....[.........##.#
#.#
.....≈≈...≈≈♣♣♣#.#.#
#.#
o≈..≈♣≈≈≈≈≈≈≈P≈♣.#.#
#.#
≈≈≈≈≈≈≈≈≈PP≈≈PP≈♣#.#
#.#
♣≈≈≈≈≈≈≈≈≈≈P≈≈≈♣##.#
###.#
#♣≈≈≈≈≈≈≈≈≈P≈♣♣##..#
#....
#≈P≈≈≈≈≈P≈†♣♣.###.#
#.###


You could see an orc priest.

Vanquished Creatures
  An ogre (D:5)
  A hound (D:5)
  A centaur skeleton (D:4)
  3 orc wizards
  A worker ant (D:4)
  Ijyb (D:4)
  5 adders
  A worm (D:4)
  3 giant geckos (D:2)
  8 orcs
  A ball python (D:2)
  A bat skeleton (D:4)
  7 giant cockroaches
  8 hobgoblins
  7 jackals
  15 kobolds
  3 quokkas
  4 bats
  4 giant newts
  15 goblins
  2 jackal skeletons
  A quokka skeleton (D:4)
  10 rats
103 creatures vanquished.

Notes
Turn   | Place    | Note
--------------------------------------------------------------
     0 | D:1      | siprus, the Spriggan Enchanter, began the quest for the Orb.
     0 | D:1      | Reached XP level 1. HP: 9/9 MP: 4/4
   463 | D:1      | Found a glowing golden altar of the Shining One.
   540 | D:1      | Reached XP level 2. HP: 11/13 MP: 7/7
   556 | D:1      | Learned a level 2 spell: Ensorcelled Hibernation
  1068 | D:2      | Reached XP level 3. HP: 14/16 MP: 5/11
  1425 | D:2      | Reached skill level 5 in Stealth
  1540 | D:2      | Reached XP level 4. HP: 19/21 MP: 10/14
  2525 | D:4      | Noticed Ijyb
  2537 | D:4      | Killed Ijyb
  2590 | D:4      | Reached XP level 5. HP: 23/25 MP: 13/18
  2748 | D:4      | Learned a level 3 spell: Confuse
  2850 | D:4      | Found Orghepuo's Gadget Shop.
  2918 | D:4      | Reached skill level 1 in Fighting
  3405 | D:4      | Found Wiurgh's Elemental Accessories.
  3432 | D:5      | Entered Level 5 of the Dungeon
  3466 | D:5      | Noticed an ogre
  3475 | D:5      | Killed an ogre
  3475 | D:5      | Reached skill level 6 in Stealth
  3475 | D:5      | Reached skill level 5 in Spellcasting
  3475 | D:5      | Reached skill level 5 in Hexes
  3475 | D:5      | Reached XP level 6. HP: 24/30 MP: 11/21
  3671 | D:5      | Killed from afar by an orc priest

Action                   |  1- 3 |  4- 6 || total
-------------------------+-------+-------++-------
Melee: Dagger            |    84 |   200 ||   284
 Cast: Ensorcelled Hiber |    18 |    26 ||    44
       Confuse           |       |     4 ||     4
       Corona            |       |     1 ||     1
  Use: Potion            |     2 |       ||     2
 Stab: Sleeping          |    23 |    30 ||    53
       Distracted        |     1 |       ||     1
       Confused          |       |     3 ||     3
  Eat: Bread ration      |       |     1 ||     1
